 Dungeon Sprint DCSS version 0.31-a0-128-g25add195a6 (webtiles) character file.

Game seed: 11099064100218251917

10871 rocky1 the Thaumaturge (level 11, -5/95 HPs)
             Began as a Gnoll Warper on June 2, 2023.
             Was the Champion of Cheibriados.
             Killed from afar by a nagaraja (26 damage)
             ... with a bolt of poison
             ... in the Dungeon (Sprint VII: "The Pits").
             The game lasted 00:06:38 (3025 turns).

rocky1 the Thaumaturge (Gnoll Warper)               Turns: 3025, Time: 00:06:39

Health: -5/95      AC: 12    Str: 29    XL:     11   Next: 68%
Magic:  27/27      EV: 25    Int: 31    God:    Cheibriados [******]
Gold:   9          SH:  0    Dex: 27    Spells: 20/34 levels left

rFire   . . .        u - +2 dire flail (heavy)
rCold   + . .        (shield currently unavailable)
rNeg    . . .        r - +2 ring mail {rC+}
rPois   .            w - +0 helmet
rElec   .            p - +0 cloak
rCorr   .            (no gloves)
SInv    .            (no boots)
Will    .....        (no amulet)
Stlth   +++++        b - +3 ring of evasion
HPRegen 0.35/turn    m - +3 ring of intelligence
MPRegen 0.20/turn

%: no teleportation
@: lethally poisoned (-5 -> -21), very slow
A: fangs 1, strong nose, distributed training
a: Renounce Religion, Bend Time, Temporal Distortion, Slouch, Step From Time


You were in the Dungeon.
You worshipped Cheibriados.
Cheibriados was exalted by your worship.
You visited 1 branch You collected 9 gold pieces.

Inventory:

Hand Weapons
 t - a +1 broad axe of freezing
 u - a +2 heavy dire flail (weapon)
Missiles
 d - 7 boomerangs of dispersal
 q - 3 boomerangs
Armour
 a - a +4 chain mail
 p - a +0 cloak (worn)
 r - a +2 ring mail of cold resistance (worn)
 w - a +0 helmet (worn)
Jewellery
 b - a +3 ring of evasion (left hand)
 m - a +3 ring of intelligence (right hand)
Wands
 o - a wand of light (7) (quivered)
Scrolls
 c - 2 scrolls of blinking
 k - 5 scrolls of amnesia
 l - a scroll of summoning
Potions
 e - 7 potions of curing
 f - 7 potions of heal wounds
 g - 3 potions of haste
 h - 3 potions of magic
 i - 3 potions of berserk rage
 j - 2 potions of invisibility
 s - a potion of might


   Skills:
 + Level 12.0 Fighting
 + Level 11.1 Short Blades
 + Level 11.1 Long Blades
 + Level 11.1 Axes
 + Level 12.0 Maces & Flails
 + Level 11.1 Polearms
 + Level 11.1 Staves
 + Level 11.1 Ranged Weapons
 + Level 11.4 Throwing
 + Level 11.4 Armour
 + Level 12.0 Dodging
 + Level 11.1 Stealth
 + Level 11.1 Shields
 + Level 11.1 Unarmed Combat
 + Level 12.1 Spellcasting
 + Level 9.3 Conjurations
 + Level 9.3 Hexes
 + Level 9.3 Summonings
 + Level 9.3 Necromancy
 + Level 10.8 Translocations
 + Level 9.3 Transmutations
 + Level 9.3 Fire Magic
 + Level 9.3 Ice Magic
 + Level 9.3 Air Magic
 + Level 9.3 Earth Magic
 + Level 9.3 Poison Magic
 + Level 12.0 Invocations
 + Level 11.1 Evocations


You had 20 spell levels left.
You knew the following spells:

 Your Spells              Type           Power      Damage    Failure   Level
a - Blink                 Tloc           100%       N/A       1%          2
b - Lesser Beckoning      Tloc           100%       N/A       1%          2
c - Teleport Other        Tloc           72%        N/A       1%          3
d - Vhi's Electric Charg  Tloc/Air       100%       N/A       1%          3
e - Manifold Assault      Tloc           72%        N/A       1%          4

Your spell library contained the following spells:

 Spells                   Type           Power      Damage    Failure   Level


Dungeon Overview and Level Annotations

Branches:
Dungeon (1/1)

Altars:
Ashenzari
Cheibriados
Dithmenos
Elyvilon
Fedhas
Gozag
Hepliaklqana
Kikubaaqudgha
Makhleb
Nemelex Xobeh
Okawaru
Qazlal
Ru
Sif Muna
Trog
Uskayaw
Vehumet
Wu Jian
Xom
Yredelemnul
Zin
The Shining One
Jiyva
Lugonu


Innate Abilities, Weirdness & Mutations

You have very sharp teeth.
Your uncanny sense of smell can sniff out nearby items.
Your experience applies equally to all skills.


Message History

Cheibriados thoroughly appreciates the change of pace.
The death knight offers itself to Yredelemnul, and fills with unholy energy.
The cyclops misses you.
Your Fighting skill increases to level 12!
Your Maces & Flails skill increases to level 12!
Your Dodging skill increases to level 12!
Your Invocations skill increases to level 12!
Unknown command.
The nagaraja shouts!
You puncture the cyclops!
The cyclops is almost dead.
You completely miss the nagaraja.
You bite the nagaraja, but do no damage.
The nagaraja is heavily wounded.
You closely miss the nagaraja.
The nagaraja is heavily wounded.
The nagaraja closely misses you. The nagaraja completely misses you.
You bludgeon the nagaraja!! Your bite misses the nagaraja.
The nagaraja is severely wounded.
The nagaraja points at you and mumbles some strange words.
The bolt of poison hits you!!!
You are poisoned.
The death knight completely misses you.
You are too injured to fight recklessly!
Unknown command.
You feel better.
The nagaraja casts a spell.
The nagaraja seems to speed up.
The death knight hits you with a +0 battleaxe!
Magic courses through your body. The nagaraja hits you with a +0 whip!
* * * LOW HITPOINT WARNING * * *
The nagaraja grabs you. The nagaraja constricts you.
* * * LOW HITPOINT WARNING * * *
The death knight completely misses you.
You escape the nagaraja's grasp.
The death knight's dark mirror aura disappears.
The nagaraja points at you and mumbles some strange words.
The bolt of poison hits you!!
You are poisoned.
You die...

##### ###############
#### ##
)..)).........###.†# ..)
#.)..)..)......#..## #.#.
###.).#'######...##......
..#####.##...##'##.#.#)#.
....##...#...#...#.......
.....#...#...#...#N......
.....'...'...'.†@'pC†....
.....#...#...#...#....)..
....##...#...#...#.).).).
..#####.##...##'##.#.#†#†
###...#'######.).##......
#))).))).......#..## #.#.
......))......###..# )).
############### ### ##


You could see a nagaraja (fast), a death knight and a cyclops.

Vanquished Creatures
  A merfolk aquamancer (D)
  A two-headed ogre (D)
  A bog body (D)
  A deep elf zephyrmancer (D)
  An orc knight (D)
  An ugly thing (D)
  An elephant (D)
  A gargoyle (D)
  A molten gargoyle (D)
  A cane toad (D)
  A rime drake (D)
  3 kobold demonologists (D)
  An unseen horror (D)
  An ice devil (D)
  A merfolk (D)
  A hornet (D)
  Grinder (D)
  A tyrant leech (D)
  6 dream sheep (D)
  A spriggan (D)
  A wraith (D)
  2 fire bats (D)
  A yak (shapeshifter) (D)
  3 water elementals (D)
  4 vampire mosquitoes (D)
  4 yaks (D)
  A steam dragon (D)
  A water moccasin (D)
  Duvessa (D)
  A black bear (D)
  3 orc warriors (D)
  A kobold brigand (D)
  A bullfrog (D)
  A scorpion (D)
  2 orc priests (D)
  Crazy Yiuf (D)
  An iguana (D)
  4 orc wizards (D)
  An adder (D)
  A river rat (D)
  3 ufetubi (D)
  9 orcs (D)
  2 bat skeletons (D)
  An endoplasm (D)
  A giant cockroach (D)
  A hobgoblin (D)
  4 jackals (D)
  5 kobolds (D)
  3 ball pythons (D)
  A ball python skeleton (D)
  A frilled lizard (D)
  A giant cockroach zombie (D)
94 creatures vanquished.

Vanquished Creatures (others)
  An adder skeleton (D)
1 creature vanquished.

Grand Total: 95 creatures vanquished

Notes
Turn   | Place    | Note
-------+----------+-------------------------------------------
     0 | D        | rocky1 the Gnoll Warper began the quest for the Orb.
     0 | D        | Reached XP level 1. HP: 20/20 MP: 6/6
    24 | D        | Found a bloodstained altar of Trog.
    24 | D        | Found a shimmering blue altar of Sif Muna.
    24 | D        | Found a viscous altar of Jiyva.
    24 | D        | Found a hazy altar of Hepliaklqana.
    24 | D        | Found an opulent altar of Gozag.
    25 | D        | Found a glowing golden altar of the Shining One.
    25 | D        | Found a glowing silver altar of Zin.
    25 | D        | Found a basalt altar of Yredelemnul.
    25 | D        | Found a shimmering altar of Xom.
    25 | D        | Found an ornate altar of the Wu Jian Council.
    25 | D        | Found a sacrificial altar of Ru.
    25 | D        | Found a stormy altar of Qazlal.
    25 | D        | Found an iron altar of Okawaru.
    25 | D        | Found a sparkling altar of Nemelex Xobeh.
    25 | D        | Found a burning altar of Makhleb.
    25 | D        | Found a blossoming altar of Fedhas.
    25 | D        | Found a white marble altar of Elyvilon.
    25 | D        | Found a shadowy altar of Dithmenos.
    25 | D        | Found a snail-covered altar of Cheibriados.
    28 | D        | Found a corrupted altar of Lugonu.
    28 | D        | Found a radiant altar of Vehumet.
    29 | D        | Found an ancient bone altar of Kikubaaqudgha.
    29 | D        | Found a hide-covered altar of Uskayaw.
    29 | D        | Found a broken altar of Ashenzari.
    36 | D        | Became a worshipper of Cheibriados the Contemplative
    76 | D        | Reached skill level 5 in Spellcasting
    80 | D        | Reached * piety under Cheibriados
    91 | D        | Noticed a scorpion
   101 | D        | Reached skill level 1 in Short Blades
   101 | D        | Reached skill level 1 in Long Blades
   101 | D        | Reached skill level 1 in Axes
   101 | D        | Reached skill level 1 in Polearms
   101 | D        | Reached skill level 1 in Staves
   101 | D        | Reached skill level 1 in Ranged Weapons
   101 | D        | Reached skill level 1 in Stealth
   101 | D        | Reached skill level 1 in Shields
   101 | D        | Reached skill level 1 in Unarmed Combat
   101 | D        | Reached skill level 1 in Conjurations
   101 | D        | Reached skill level 1 in Hexes
   101 | D        | Reached skill level 1 in Summonings
   101 | D        | Reached skill level 1 in Necromancy
   101 | D        | Reached skill level 1 in Transmutations
   101 | D        | Reached skill level 1 in Fire Magic
   101 | D        | Reached skill level 1 in Ice Magic
   101 | D        | Reached skill level 1 in Air Magic
   101 | D        | Reached skill level 1 in Earth Magic
   101 | D        | Reached skill level 1 in Poison Magic
   101 | D        | Reached skill level 1 in Invocations
   101 | D        | Reached skill level 1 in Evocations
   101 | D        | Reached XP level 2. HP: 15/26 MP: 8/8
   103 | D        | Killed a scorpion
   103 | D        | Reached ** piety under Cheibriados
   104 | D        | Reached skill level 5 in Fighting
   104 | D        | Reached skill level 5 in Maces & Flails
   104 | D        | Reached skill level 5 in Dodging
   104 | D        | Reached XP level 3. HP: 10/33 MP: 10/10
   104 | D        | Reached XP level 4. HP: 12/39 MP: 11/11
   657 | D        | Reached *** piety under Cheibriados
   662 | D        | Reached **** piety under Cheibriados
   673 | D        | Reached ***** piety under Cheibriados
  1033 | D        | Learned a level 2 spell: Blink
  1036 | D        | Learned a level 2 spell: Lesser Beckoning
  1040 | D        | Learned a level 3 spell: Teleport Other
  1044 | D        | Learned a level 3 spell: Vhi's Electric Charge
  1049 | D        | Learned a level 4 spell: Manifold Assault
  1059 | D        | Noticed Grinder
  1064 | D        | Noticed an orc warrior
  1067 | D        | Noticed Crazy Yiuf
  1069 | D        | Paralysed by Grinder for 4 turns
  1078 | D        | Paralysed by Grinder for 4 turns
  1082 | D        | Noticed an orc warrior
  1082 | D        | Killed Crazy Yiuf
  1083 | D        | Reached XP level 5. HP: 20/46 MP: 0/13
  1088 | D        | Killed an orc warrior
  1089 | D        | Reached skill level 5 in Throwing
  1089 | D        | Reached skill level 5 in Armour
  1089 | D        | Reached XP level 6. HP: 42/52 MP: 1/15
  1090 | D        | Killed an orc warrior
  1091 | D        | Reached skill level 5 in Invocations
  1092 | D        | Paralysed by Grinder for 2 turns
  1094 | D        | Killed Grinder
  1094 | D        | Reached ****** piety under Cheibriados
  1095 | D        | Reached skill level 5 in Short Blades
  1095 | D        | Reached skill level 5 in Long Blades
  1095 | D        | Reached skill level 5 in Axes
  1095 | D        | Reached skill level 5 in Polearms
  1095 | D        | Reached skill level 5 in Staves
  1095 | D        | Reached skill level 5 in Ranged Weapons
  1095 | D        | Reached skill level 5 in Stealth
  1095 | D        | Reached skill level 5 in Shields
  1095 | D        | Reached skill level 5 in Unarmed Combat
  1095 | D        | Reached skill level 5 in Evocations
  1095 | D        | Reached XP level 7. HP: 42/60 MP: 3/18
  1294 | D        | Noticed a hornet
  1295 | D        | Paralysed by a hornet for 1 turns
  1297 | D        | Killed a hornet
  1298 | D        | Reached skill level 5 in Conjurations
  1298 | D        | Reached skill level 5 in Hexes
  1298 | D        | Reached skill level 5 in Summonings
  1298 | D        | Reached skill level 5 in Necromancy
  1298 | D        | Reached skill level 5 in Transmutations
  1298 | D        | Reached skill level 5 in Fire Magic
  1298 | D        | Reached skill level 5 in Ice Magic
  1298 | D        | Reached skill level 5 in Air Magic
  1298 | D        | Reached skill level 5 in Earth Magic
  1298 | D        | Reached skill level 5 in Poison Magic
  1517 | D        | Noticed Duvessa
  1520 | D        | Killed Duvessa
  1521 | D        | Reached XP level 8. HP: 68/68 MP: 20/20
  1796 | D        | Noticed a dream sheep
  1796 | D        | Noticed a dream sheep
  1796 | D        | Noticed a dream sheep
  1796 | D        | Noticed a dream sheep
  1796 | D        | Noticed a dream sheep
  1796 | D        | Noticed a dream sheep
  1798 | D        | Killed a dream sheep
  1798 | D        | Killed a dream sheep
  1799 | D        | Reached XP level 9. HP: 51/75 MP: 15/22
  2087 | D        | Noticed a merfolk aquamancer
  2087 | D        | Noticed a bog body
  2088 | D        | Noticed a rime drake
  2091 | D        | Killed a rime drake
  2091 | D        | Killed a bog body
  2092 | D        | Reached skill level 10 in Fighting
  2092 | D        | Reached skill level 10 in Maces & Flails
  2092 | D        | Reached skill level 10 in Dodging
  2092 | D        | Reached skill level 10 in Spellcasting
  2092 | D        | Reached XP level 10. HP: 60/85 MP: 12/24
  2092 | D        | Killed a merfolk aquamancer
  2093 | D        | Reached skill level 10 in Invocations
  2106 | D        | Killed an unseen horror
  2482 | D        | Noticed a kobold demonologist
  2483 | D        | Noticed a kobold demonologist
  2484 | D        | Noticed a kobold demonologist
  2485 | D        | Killed a kobold demonologist
  2485 | D        | Killed a kobold demonologist
  2486 | D        | Reached skill level 10 in Throwing
  2486 | D        | Reached skill level 10 in Armour
  2486 | D        | Killed a kobold demonologist
  2487 | D        | Reached skill level 10 in Translocations
  2634 | D        | Noticed a gargoyle
  2634 | D        | Noticed a cane toad
  2636 | D        | Killed a gargoyle
  2637 | D        | Reached skill level 10 in Short Blades
  2637 | D        | Reached skill level 10 in Long Blades
  2637 | D        | Reached skill level 10 in Axes
  2637 | D        | Reached skill level 10 in Polearms
  2637 | D        | Reached skill level 10 in Staves
  2637 | D        | Reached skill level 10 in Ranged Weapons
  2637 | D        | Reached skill level 10 in Stealth
  2637 | D        | Reached skill level 10 in Shields
  2637 | D        | Reached skill level 10 in Unarmed Combat
  2637 | D        | Reached skill level 10 in Evocations
  2637 | D        | Reached XP level 11. HP: 93/93 MP: 26/26
  2887 | D        | Noticed a brown ugly thing
  2894 | D        | Killed a brown ugly thing
  3009 | D        | Noticed a cyclops
  3009 | D        | Noticed a nagaraja
  3010 | D        | Noticed a deep elf zephyrmancer
  3012 | D        | Noticed a two-headed ogre
  3013 | D        | Noticed a death knight
  3013 | D        | Noticed an orc knight
  3016 | D        | Killed a deep elf zephyrmancer
  3017 | D        | Killed a two-headed ogre
  3018 | D        | Killed an orc knight
  3025 | D        | Killed from afar by a nagaraja

Illustrated notes

Levels and vault maps discovered:
D:        pitsprint [storerooms_1, entrance_room_1, metal_vault_1, armoury_1,
          mini_pit_1, grid_room_1, main_hall_1, silver_pit, the_coven_1,
          the_vestibule_1, steel_vault_5, golden_pit, hallway_of_sentries,
          crystal_vault_4, iron_vault_1, final_vault]

Skill      XL: |  1  2  3  4  5  6  7  8  9 10 11 |
---------------+----------------------------------+-----
Spellcasting   | 5 6 7 8 9 10 11 12 | 12.1
Short Blades   | 1 2 3 4 5 6 7 8 10 11 | 11.1
Long Blades    | 1 2 3 4 5 6 7 8 10 11 | 11.1
Axes           | 1 2 3 4 5 6 7 8 10 11 | 11.1
Polearms       | 1 2 3 4 5 6 7 8 10 11 | 11.1
Staves         | 1 2 3 4 5 6 7 8 10 11 | 11.1
Ranged Weapons | 1 2 3 4 5 6 7 8 10 11 | 11.1
Stealth        | 1 2 3 4 5 6 7 8 10 11 | 11.1
Shields        | 1 2 3 4 5 6 7 8 10 11 | 11.1
Unarmed Combat | 1 2 3 4 5 6 7 8 10 11 | 11.1
Conjurations   | 1 2 3 4 5 6 7 8 9 |  9.3
Hexes          | 1 2 3 4 5 6 7 8 9 |  9.3
Summonings     | 1 2 3 4 5 6 7 8 9 |  9.3
Necromancy     | 1 2 3 4 5 6 7 8 9 |  9.3
Transmutations | 1 2 3 4 5 6 7 8 9 |  9.3
Fire Magic     | 1 2 3 4 5 6 7 8 9 |  9.3
Ice Magic      | 1 2 3 4 5 6 7 8 9 |  9.3
Air Magic      | 1 2 3 4 5 6 7 8 9 |  9.3
Earth Magic    | 1 2 3 4 5 6 7 8 9 |  9.3
Poison Magic   | 1 2 3 4 5 6 7 8 9 |  9.3
Invocations    | 1 2 3 4 6 8 9 10 12 | 12.0
Evocations     | 1 2 3 4 5 6 7 8 10 11 | 11.1
Fighting       | 5 6 7 8 10 11 12 | 12.0
Maces & Flails | 5 6 7 8 10 11 12 | 12.0
Throwing       | 3 4 5 6 8 9 10 11 | 11.4
Armour         | 3 4 5 6 8 9 10 11 | 11.4
Dodging        | 5 6 7 8 10 11 12 | 12.0
Translocations | 6 7 8 9 10 | 10.8

Action                     |  1- 3 |  4- 6 |  7- 9 | 10-12 || total
---------------------------+-------+-------+-------+-------++-------
  Melee: Mace              |    26 |    46 |    15 |       ||    87
         Bite              |     2 |     5 |     1 |     7 ||    15
         Punch             |       |       |     1 |       ||     1
         Dire flail        |       |       |     9 |    35 ||    44
   Cast: Manifold Assault  |       |     2 |       |       ||     2
 Invoke: Slouch            |       |     1 |     5 |     9 ||    15
  Evoke: Wand              |       |       |     1 |       ||     1
    Use: Potion            |     1 |     3 |       |     2 ||     6
   Stab: Sleeping          |       |       |     1 |     1 ||     2
 Armour: Leather armour    |     7 |    17 |       |       ||    24
         Chain mail        |       |       |     8 |       ||     8
         Ring mail         |       |       |     6 |     9 ||    15
  Dodge: Dodged            |    30 |    86 |    37 |    54 ||   207

Table legend: (Time is in decaauts)
 A = Elapsed time spent in this place.
 B = Non-inter-level travel time spent in this place.
 C = Inter-level travel time spent in this place.
 D = Time resting spent in this place.
 E = Time spent auto-exploring this place.
 F = Levels seen in this place.
 G = Mean time per level.
                   A        B        C        D        E       F      G
               +--------+--------+--------+--------+--------+-----+--------+
         Total |   3379 |   3255 |    124 |   2385 |      0 |   1 | 3379.0 |
       Dungeon |   3379 |   3255 |    124 |   2385 |      0 |   1 | 3379.0 |
               +--------+--------+--------+--------+--------+-----+--------+

Top non-repeatable levels by time:
       D: 3379 daAuts
